AoeStats
← CLB_Shaka

Oasis

509237325Analyzed
2v2 RM · 6d ago on Sep 26, 2026· 42m 26s· 4 players
Game mode
Random Map
Map size
Medium (4 player)
Population
200
Speed
Normal
Resources
Standard
Victory
Conquest
Starting age
Dark Age
Ending age
Imperial Age
RankedLock teamsTeams togetherTeam positionsShared explorationLock speedFull tech treeHidden civsTurbo modeCheats
Victory
Defeat
🇺🇸 Vikings · United States
1228
+17
🇮🇹 Malians · Italy
1228
+17
🇨🇴 Maya · Colombia
1283
-19
🇨🇳 Celts · China
1202
-15
DoubleGhost3904
6:24 Loom
9:17 Feudal Age
9:22 Man-at-Arms
12:56 Double-Bit Axe
13:51 Arson
16:18 Horse Collar
21:54 Castle Age
20:52 Scale Mail Armor
21:57 Long Swordsman
23:10 Chain Mail Armor
23:02 Squires
26:50 Ballistics
29:18 Bow Saw
29:09 Heavy Plow
33:44 Imperial Age
31:49 Forging
32:00 Gold Mining
33:54 Capped Ram
33:57 Two-Handed Swordsman
35:41 Plate Mail Armor
36:32 Iron Casting
36:22 Scale Barding Armor
37:48 Conscription
36:51 Light Cavalry
37:42 Bloodlines
38:19 Husbandry
38:44 Chain Barding Armor
38:25 Champion
40:35 Chemistry
Black Ghost
6:34 Loom
8:58 Feudal Age
10:32 Double-Bit Axe
16:34 Fletching
23:27 Castle Age
21:53 Gold Mining
23:52 Crossbowman
24:34 Bodkin Arrow
24:54 Bow Saw
27:28 Town Watch
33:27 Imperial Age
32:39 Ballistics
34:06 Gold Shaft Mining
33:45 Arbalester
35:36 Two-Man Saw
34:43 Bracer
38:37 Chemistry
相思鸟玩家
6:48 Loom
10:09 Feudal Age
11:17 Double-Bit Axe
13:16 Fletching
17:09 Gold Mining
19:10 Padded Archer Armor
19:17 Scale Barding Armor
26:39 Castle Age
27:56 Wheelbarrow
26:46 Elite Skirmisher
27:37 Bodkin Arrow
28:13 Horse Collar
28:47 Bow Saw
35:32 Imperial Age
38:10 Chemistry
CLB_Shaka
0:32 Loom
10:51 Feudal Age
18:36 Castle Age
18:31 Double-Bit Axe
20:45 Fletching
20:51 Crossbowman
22:41 Padded Archer Armor
23:56 Horse Collar
26:33 Ballistics
27:04 Gold Mining
29:00 Leather Archer Armor
37:38 Bodkin Arrow
Connection lost

Rejoining the realm…

Still unreachable

The connection could not be restored.

Session expired

The server has moved on; the page needs a fresh start.